 Dungeon Crawl Stone Soup version 0.20.1-1-g8b1a95d (webtiles) character file.

615677 tidbits the Severer (level 25, -16/231 HPs)
             Began as a Demigod Wanderer on July 6, 2017.
             Killed from afar by a storm dragon (25 damage)
             ... with a bolt of lightning
             ... summoned by the power of Zot
             ... on level 5 of the Realm of Zot on July 8, 2017.
             The game lasted 10:46:54 (47962 turns).

tidbits the Severer (Demigod Wanderer)             Turns: 47962, Time: 10:46:54

Health: -16/231    AC: 41    Str: 32    XL:     25   Next: 57%
Magic:  48/51      EV: 19    Int: 36    God:
Gold:   431        SH:  0    Dex: 21    Spells: 8/58 levels left

rFire    + + +     SeeInvis +   a - +5 battleaxe (vamp)
rCold    + + .     Gourm    .   (shield currently unavailable)
rNeg     . . .     Faith    .   B - +12 plate armour "Kihuyg" {Str+7}
rPois    +         Spirit   .   E - +3 hat of Pondering {ponderous, MR+ MP+10 Int+5}
rElec    .         Reflect  .   C - +2 cloak {+Inv}
rCorr    .         Harm     .   G - +1 pair of gloves of Jeacod {Str+6}
MR       +++..     Rnd*Rage +   F - +1 pair of boots of Precision Catastrophes {Int+3}
Stlth    +.........             c - amulet "Sanwiocsu" {+Rage rF+++}
Regen    0.5/turn               T - ring "Qienuh" {rF+ rC+ Int+4 Dex+2 SInv}
MPRegen  0.4/turn               P - ring "Kushisy" {+Inv rPois rF+ MP-9}

@: about to teleport, very slightly contaminated, slow
A: berserk 1, cold resistance 1, high mp 1, mutation resistance 1
}: 3/15 runes: barnacled, silver, gossamer
a: Evoke Berserk Rage, Evoke Invisibility


You were on level 5 of the Realm of Zot.
You were not hungry.

You visited 9 branches of the dungeon, and saw 49 of its levels.

You collected 8550 gold pieces.
You spent 8119 gold pieces at shops.

Inventory:

Hand Weapons
 a - a +5 vampiric battleaxe (weapon)
   (You subdued it on level 1 of the Elven Halls)
 b - a +4 sacred scourge of holy wrath
   (You took it off an angel on level 4 of the Depths)
 g - a +9 battleaxe of freezing
   (You took it off a wight on level 8 of the Dungeon)
 W - the +11 battleaxe of Valiance {chop, rElec rC- MR+}
   (You found it on level 5 of the Vaults)

   It inflicts extra damage upon your enemies.
   It makes you vulnerable to cold.
   It insulates you from electricity.
   It affects your resistance to hostile enchantments.
Missiles
 J - 108 javelins (quivered)
 Y - 11 throwing nets {!f}
Armour
 x - +5 shadow dragon scales
 B - the +12 plate armour "Kihuyg" (worn) {Str+7}
   (You took it off a vault guard on level 5 of the Vaults)

   It affects your strength (+7).
 C - a +2 cloak of invisibility (worn)
   (You found it on level 11 of the Dungeon)
 E - the +3 hat of Pondering (worn) {ponderous, MR+ MP+10 Int+5}
   (You bought it in a shop on level 10 of the Dungeon)

   It affects your intelligence (+5).
   It affects your resistance to hostile enchantments.
   It affects your magic capacity (+10).
 F - the +1 pair of boots of Precision Catastrophes (worn) {Int+3}
   (You found it on level 3 of the Elven Halls)

   It affects your intelligence (+3).
 G - the +1 pair of gloves of Jeacod (worn) {Str+6}
   (You bought it in a shop on level 8 of the Dungeon)

   It affects your strength (+6).
Jewellery
 c - the amulet "Sanwiocsu" (around neck) {+Rage rF+++}
   (You found it on level 5 of the Vaults)

   [amulet of rage]

   It renders you almost immune to fire.
   It lets you go berserk.
 w - an uncursed amulet of guardian spirit
   (You found it on level 3 of the Dungeon)
 K - an uncursed ring of resist corrosion
   (You bought it in a shop on level 2 of the Depths)
 P - the ring "Kushisy" (right hand) {+Inv rPois rF+ MP-9}
   (You took it off an ogre mage on level 2 of the Depths)

   [ring of poison resistance]

   It protects you from fire.
   It protects you from poison.
   It affects your magic capacity (-9).
   It lets you turn invisible.
 T - the ring "Qienuh" (left hand) {rF+ rC+ Int+4 Dex+2 SInv}
   (You bought it in a shop on level 2 of the Depths)

   [ring of see invisible]

   It affects your intelligence (+4).
   It affects your dexterity (+2).
   It protects you from fire.
   It protects you from cold.
   It lets you see invisible.
 V - a +3 ring of evasion
   (You found it on level 4 of the Lair of Beasts)
Wands
 d - a wand of digging (8/24)
 i - a wand of acid (13/15)
 q - a wand of clouds (0/9)
 s - a wand of clouds (8/9)
 M - a wand of disintegration (10/24)
 U - a wand of scattershot (5/9)
 X - a wand of iceblast (5/15)
Scrolls
 h - 5 scrolls of magic mapping
 l - 5 scrolls of fog
 n - 4 scrolls of immolation
 o - 9 scrolls of fear
 r - 19 scrolls of remove curse
 t - a scroll of summoning
 y - 7 scrolls of teleportation
 H - 2 scrolls of recharging
 O - 2 scrolls of silence
 R - 6 scrolls of blinking
Potions
 e - 2 potions of haste
 f - a potion of heal wounds
 j - 2 potions of ambrosia
 m - 8 potions of curing
 p - 3 potions of flight
 u - 3 potions of might
 z - 2 potions of cancellation
 I - 3 potions of brilliance
 N - 6 potions of mutation {!q}
 Q - 5 potions of agility
 Z - a potion of resistance
Miscellaneous
 v - a box of beasts
 A - a phial of floods
 D - a fan of gales
 L - a sack of spiders
 S - a lamp of fire
Comestibles
 k - 21 bread rations


   Skills:
 + Level 20.0 Fighting
   Level 1.6 Long Blades
 - Level 20.1 Axes
 - Level 15.5 Armour
 - Level 14.5 Dodging
 - Level 10.7 Stealth
 - Level 17.0 Spellcasting
   Level 3.5 Conjurations
 - Level 5.0 Hexes
 - Level 5.2 Charms
 - Level 2.7 Summonings
 - Level 12.6 Necromancy
 - Level 10.0 Translocations
 - Level 3.7 Air Magic
   Level 2.0 Poison Magic
 - Level 8.6 Evocations


You had 8 spell levels left.
You knew the following spells:

 Your Spells              Type           Power        Failure   Level  Hunger
a - Apportation           Tloc           ######       1%          1    None
b - Blink                 Tloc           N/A          1%          2    None
c - Death Channel         Necr           #######...   4%          6    None
d - Dispel Undead         Necr           #######.     1%          5    None
g - Agony                 Necr           #######.     1%          5    None
l - Lesser Beckoning      Tloc           #######...   1%          3    None
n - Animate Skeleton      Necr           N/A          1%          1    None
p - Summon Butterflies    Summ           ######..     1%          1    None
r - Regeneration          Chrm/Necr      #######...   1%          3    None
u - Tukima's Dance        Hex            ######..     1%          3    None
v - Vampiric Draining     Necr           #######...   1%          3    None
w - Spectral Weapon       Hex/Chrm       ######..     1%          3    None
y - Song of Slaying       Chrm           ######..     1%          2    None
N - Animate Dead          Necr           N/A          1%          4    None
P - Passage of Golubria   Tloc           N/A          1%          4    None
W - Swiftness             Chrm/Air       ######..     1%          2    None
Z - Sublimation of Blood  Necr           #######...   1%          2    None


Dungeon Overview and Level Annotations

Branches:
Dungeon (15/15)            Temple (0/1) D:7            Lair (6/6) D:9
 Shoals (4/4) Lair:2       Spider (4/4) Lair:4        Slime (0/5) Lair:5
    Orc (2/2) D:10            Elf (3/3) Orc:2        Vaults (5/5) D:13
  Crypt (0/3) Vaults:2     Depths (5/5) D:15            Zot (5/5) Depths:5

Shops:
D:8 [   D:10 [   D:14 *   Orc:1 !   Orc:2 *([:*   Elf:2 [   Shoals:2 !
Shoals:4 [   Vaults:1 (:}=[   Depths:1 *:%!   Depths:2 =?[   Depths:5 *

Portals:
Hell: Depths:1 Depths:2 Depths:3 Depths:4 Depths:5
Abyss: Depths:4
Pandemonium: Depths:1 Depths:3 Depths:5
Ziggurat: Depths:1
Trove: Vaults:4 (give manual of Necromancy)

Annotations:
Lair:5 1 runed door, exclusion: door
Depths:1 exclusion: ancient lich
Zot:4 2 transporters


Innate Abilities, Weirdness & Mutations

You have an increased reservoir of magic. (+10% MP)
You tend to lose your temper in combat.
Your flesh is cold resistant. (rC+)
You are somewhat resistant to further mutation.


Message History

You slash the purple draconian!
The yellow draconian monk throws acid at you.
The glob of acid hits the green draconian.
The green draconian appears unharmed.
The green draconian is splashed with acid.
The acid corrodes the green draconian!
The purple draconian hits you but does no damage.
The green draconian is struck by lightning.
You kill the green draconian!
The green draconian's corpse dissolves into shadows!
The golden dragon bites you!
* * * LOW HITPOINT WARNING * * *
The golden dragon closely misses you.
The golden dragon tramples you but does no damage.
The red draconian is struck by lightning.
You hear a shout!
You hear a roar!
Unknown command.
You slice the golden dragon!!
The golden dragon is almost dead.
You barely miss the purple draconian.
Unknown command.
You slice the golden dragon!!
You kill the golden dragon!
The golden dragon's corpse dissolves into shadows!
You slash the purple draconian!
The purple draconian hits you but does no damage.
The purple draconian is struck by lightning.
Lightning arcs down from a storm cloud!
Unknown command.
Press: ? - help, v - describe, . - travel
Here: a purple draconian, wielding a long sword (thunder, moderately wounded, summoned)
The floor.
You slash the purple draconian!
The purple draconian is heavily wounded.
You catch the helpless yellow draconian monk completely off-guard!
You slash the yellow draconian monk!
You catch the helpless storm dragon completely off-guard!
You open the storm dragon like a pillowcase!!!
You flicker for a moment.
The storm dragon breathes lightning at you.
The bolt of lightning misses you.
The purple draconian is struck by lightning.
The purple draconian hits you but does no damage.
Unknown command.
You strike the helpless purple draconian from behind!
You hit the purple draconian.
The purple draconian is severely wounded.
You hit the yellow draconian monk but do no damage.
You catch the helpless storm dragon completely off-guard!
You hit the storm dragon but do no damage.
The yellow draconian monk hits you.
* * * LOW HITPOINT WARNING * * *
The yellow draconian monk kicks you!
* * * LOW HITPOINT WARNING * * *
The yellow draconian monk closely misses you.
Unknown command.
You catch the helpless purple draconian completely off-guard!
You slice the purple draconian!!
The purple draconian is almost dead.
You closely miss the yellow draconian monk.
The purple draconian breathes dispelling energy at you.
The bolt of dispelling energy hits you!
Your magical effects are unravelling.
* * * LOW HITPOINT WARNING * * *
Lightning arcs down from a storm cloud!
Unknown command.
Casting: Blink
Confirm with . or Enter, or press ? or * to list all spells.
You blink.
You enter the Zot trap.
The Orb Guardian is recalled.
The death cob is recalled.
The Orb Guardian is recalled. x2 3 Orb Guardians and a death cob come into view.
You flicker back into view.
You are no longer corroded.
The death cob gives a chilling moan.
You hear a roar!
The purple draconian breathes dispelling energy at you.
The bolt of dispelling energy misses you.
The death cob barely misses you.
An orb of fire comes into view.
Casting: Blink
Confirm with . or Enter, or press ? or * to list all spells.
You blink.
The orb of fire emits a lurid red light.
The bolt of fire misses you.
You hear a loud "Zot"!
As you read the scroll of fog, it crumbles to dust.
The scroll dissolves into smoke.
The orb of fire emits a lurid red light.
The bolt of fire misses you. The death cob completely misses you.
The Orb Guardian is struck by lightning.
As you read the scroll of teleportation, it crumbles to dust.
You feel strangely unstable.
You feel the Orb delaying your translocation!
The death cob hits you but does no damage.
The orb of fire emits a lurid red light.
The bolt of fire hits you! You resist.
* * * LOW HITPOINT WARNING * * *
The death cob misses you.
The Orb Guardian is struck by lightning.
The storm dragon breathes lightning at you.
The bolt of lightning hits you!
You die...

**,,,,,,,,,,,,,,,,,,,,,,**
***,,,,,,,,,,,,......,**
****,,,,,,,,,......**
#▓▓▓▓▓▓▓▓▓▓▓##.....▓▓
###.))...........*....##
##....##)....^..........##
##...###..................##
....###........§§§.X.......#
.%.## #........§@zdX?......#
...# #........§§§.ddq..^..# ..##
#.......§..)D§.^.....# ..#
#..^........§X§§....^# ..##
#...........§§§§§....# ...#
##..........§§§§....## ...##
##.........§§.....## ....#
##..............##
#####▓▓▓▓################▓▓▓▓▓▓*


You could see an orb of fire, a yellow draconian monk, a storm dragon, 2
draconians, a red draconian, a death cob and 3 Orb Guardians.

Vanquished Creatures
  2 orbs of fire (Zot:5)
  4 ancient liches
  Sojobo (Depths:5)
  A Killer Klown (Zot:5)
  A curse toe (Zot:4)
  Margery (Depths:2)
  The ghost of NorthaanB the Wrestler, a veteran DrTm of Makhleb (Depths:5)
  8 golden dragons
  A pearl dragon (Depths:4)
  Jory (Depths:3)
  Arachne (Spider:2)
  6 electric golems
  3 liches
  16 tentacled monstrosities
  Rupert (D:13)
  10 Orb Guardians (Zot:5)
  2 titans (Vaults:5)
  3 deep elf blademasters
  4 quicksilver dragons
  2 acid blobs (Depths:1)
  A kraken (Shoals:3)
  A deep elf master archer (Elf:3)
  5 sphinxes
  12 storm dragons
  2 death cobs
  10 shadow dragons
  7 azure jellies (Depths:1)
  A draconian monk (Depths:5)
  8 tengu reavers
  Roxanne (Depths:5)
  3 daevas (Depths:4)
  2 iron dragons (Vaults:5)
  7 deep elf sorcerers
  Ilsuiw (Shoals:4)
  6 ghost moths
  2 orc warlords
  8 fire giants
  Louise (Shoals:1)
  10 frost giants
  3 draconian shifters
  7 emperor scorpions
  6 draconian knights
  16 vault wardens
  5 draconian scorchers
  15 ironheart preservers
  5 deep elf elementalists (Elf:3)
  3 angels (Depths:4)
  A draconian stormcaller (Zot:5)
  A reaper (Depths:4)
  7 draconian annihilators
  2 war gargoyles (Vaults:5)
  4 green draconians
  11 very ugly things
  7 entropy weavers
  7 vampire knights
  The ghost of Setanta the Carver, a journeyman DgFi (Orc:2)
  23 stone giants
  Azrael (D:12)
  A deep elf demonologist (Elf:3)
  13 black draconians
  3 white draconians
  7 deep elf annihilators
  5 yellow draconians
  10 spark wasps
  7 purple draconians
  3 red draconians
  6 merfolk javelineers (Shoals:4)
  Josephine (D:15)
  5 death oozes (Depths:1)
  5 ettins
  4 deep elf death magi
  A crystal guardian (Vaults:3)
  The ghost of Britaniac the Thaumaturge, a journeyman DEFE of Vehumet (Lair:4)
  15 ogre magi
  9 merfolk impalers
  The ghost of Ladykiller69 the Fencer, a journeyman MiBe of Trog (Lair:1)
  11 fire dragons
  6 deep elf high priests
  A monstrous demonspawn (Depths:1)
  25 vault guards
  13 yaktaur captains
  10 great orbs of eyes
  9 ice dragons
  4 rakshasas
  7 hydras
  14 centaur warriors
  13 deep troll shamans
  A merfolk aquamancer (Shoals:4)
  2 spriggan air magi
  4 catoblepae
  50 two-headed ogres
  A merfolk avatar (Shoals:1)
  The ghost of vishdafish the Spear-Bearer, a journeyman GrFi of Trog (D:11)
  2 alligator snapping turtles
  6 death knights
  A satyr (Shoals:2)
  3 tengu warriors
  28 dancing weapons
  19 death yaks
  3 vampire magi
  A titan zombie (Depths:3)
  Urug (Lair:5)
  3 orc high priests
  7 deep troll earth magi
  Sonja (D:11)
  A sun demon (Depths:3)
  14 hell knights
  22 deep elf knights
  2 spriggan berserkers
  8 iron trolls
  10 slime creatures
  A fire crab (Lair:5)
  9 shadow wraiths
  An infernal demonspawn (Depths:1)
  9 skeletal warriors
  35 deep trolls
  9 sea snakes
  5 flayed ghosts
  3 glowing orange brains
  5 unseen horrors
  6 cherubim (Depths:4)
  16 deep elf archers
  A golden dragon zombie (Depths:3)
  A shadow demon (Depths:3)
  15 orc knights
  44 deep elf magi
  3 wizards
  8 necromancers
  A lindwurm (shapeshifter) (Depths:2)
  17 ironbrand convokers
  11 phantasmal warriors
  A mana viper (shapeshifter) (Vaults:5)
  15 orb spiders
  16 harpies
  20 wolf spiders
  7 fauns
  9 orc sorcerers
  A cyclops (shapeshifter) (Vaults:5)
  8 cyclopes
  A wolf spider (shapeshifter) (Vaults:3)
  39 ugly things
  17 moths of wrath
  2 salamanders (shapeshifter)
  16 manticores
  3 merfolk sirens
  A guardian serpent (Depths:2)
  5 elephants (Lair:5)
  A titan simulacrum (Vaults:5)
  2 centaur zombies
  A stone giant skeleton (Vaults:5)
  3 black mambas
  3 water nymphs
  2 rust devils (D:5)
  15 vault sentinels
  2 torpor snails
  A smoke demon (Depths:3)
  A hellion (Depths:1)
  3 gargoyles
  9 spiny frogs
  A centaur skeleton (D:13)
  An elf skeleton (Depths:3)
  5 demonic crawlers
  A spriggan skeleton (Depths:3)
  2 kobold demonologists
  59 yaktaurs
  A human skeleton (Vaults:5)
  2 komodo dragons
  8 freezing wraiths
  2 rime drakes
  A hellwing (Depths:3)
  2 ice devils (Depths:1)
  2 yaktaurs (shapeshifter)
  26 merfolk
  A queen bee (D:11)
  34 jumping spiders
  22 trolls
  2 polar bears
  12 hornets
  2 tengu conjurers (Depths:1)
  4 wind drakes
  A blink frog (shapeshifter) (Vaults:4)
  A snapping turtle (shapeshifter) (Vaults:3)
  A meliai zombie (D:14)
  Grinder (D:6)
  25 blink frogs
  8 snapping turtles
  10 dream sheep
  16 hippogriffs
  13 water elementals
  2 redbacks (shapeshifter)
  2 spriggans (Depths:4)
  10 shadows
  13 wraiths
  Sigmund (D:2)
  A stone giant simulacrum (Vaults:3)
  An ettin skeleton (Vaults:5)
  66 redbacks
  A wyvern (shapeshifter) (Vaults:5)
  2 ynoxinuls (Depths:3)
  2 tarantellas (shapeshifter)
  32 tarantellas
  A yak (shapeshifter) (Vaults:3)
  An air elemental (Elf:3)
  2 centaur simulacra
  4 wyverns
  37 yaks
  16 humans (D:13)
  4 hungry ghosts
  3 fire elementals
  5 chaos spawn (Depths:4)
  Grum (D:11)
  4 basilisks
  9 vampire mosquitoes (Depths:3)
  2 swamp worms (shapeshifter)
  3 small abominations (Depths:4)
  3 large abominations (Depths:4)
  4 wargs
  2 hell hounds (D:12)
  A soldier ant (shapeshifter) (Depths:2)
  5 acid dragons
  A soldier ant (D:12)
  Duvessa (D:6)
  A floating eye (shapeshifter) (Vaults:2)
  7 porcupines
  2 floating eyes (Depths:2)
  8 water moccasins
  An ice beast (shapeshifter) (Vaults:3)
  59 orc warriors
  2 sky beasts
  2 black bears
  A black bear (shapeshifter) (Depths:4)
  An eye of draining (shapeshifter) (Vaults:5)
  2 phantoms
  4 ice beasts
  43 ogres
  An eye of draining (D:10)
  3 necrophages
  17 boggarts
  7 wolves
  23 centaurs
  11 crocodiles
  3 big kobolds
  24 bullfrogs
  A wyvern skeleton (D:11)
  6 earth elementals
  Dowan (D:6)
  6 scorpions
  19 killer bees
  13 electric eels
  13 wights
  2 howler monkeys
  14 jellies
  10 crimson imps
  2 bullfrog zombies
  2 quasits
  A wyvern simulacrum (D:14)
  2 iron imps (Depths:3)
  13 hounds
  40 orc wizards
  44 orc priests
  Ijyb (D:5)
  Natasha (twice) (D:3)
  5 bullfrog skeletons
  3 iguanas
  7 worker ants
  A hound zombie (D:10)
  2 hound skeletons
  12 adders
  3 gnolls (Orc:2)
  4 shadow imps
  2 white imps (Depths:3)
  An ufetubus (Depths:3)
  An ooze (Depths:1)
  3 worms
  2 dart slugs
  6 leopard geckos
  152 orcs
  A giant cockroach (D:1)
  9 goblins
  11 hobgoblins
  4 jackals (D:9)
  4 quokkas
  A ball python (D:3)
  8 bats
  3 frilled lizards
  18 kobolds
  2 quokka skeletons
  8 rats
  3 fungi
  12 plants
  A spectral weapon (Vaults:3)
  2 tentacles (Shoals:3)
2300 creatures vanquished.

Vanquished Creatures (collateral kills)
  Mara (Depths:2)
  Nikola (Shoals:3)
  A golden dragon (Zot:3)
  An electric golem (Zot:3)
  3 tentacled monstrosities
  A quicksilver dragon (Vaults:5)
  2 liches
  A sphinx (Vaults:5)
  A tengu reaver (Vaults:5)
  2 storm dragons (Vaults:5)
  2 shadow dragons (Vaults:5)
  4 vault wardens
  3 fire giants
  4 frost giants
  6 stone giants
  An ironheart preserver (Vaults:3)
  3 war gargoyles (Vaults:5)
  An entropy weaver (Vaults:4)
  5 very ugly things
  A deep elf annihilator (Elf:3)
  A red draconian (Zot:1)
  A spark wasp (Depths:4)
  A white draconian (Zot:1)
  2 ettins (Depths:2)
  3 fire dragons
  2 great orbs of eyes
  3 yaktaur captains (Vaults:5)
  A deep elf high priest (Elf:3)
  A merfolk javelineer (Shoals:4)
  2 merfolk impalers (Shoals:4)
  13 vault guards
  2 ice dragons
  3 ogre magi
  A merfolk aquamancer (Shoals:4)
  A centaur warrior (Depths:2)
  2 two-headed ogres (Vaults:2)
  4 dancing weapons
  A deep troll earth mage (Depths:2)
  A titan zombie (Vaults:5)
  A spriggan berserker (Depths:5)
  A deep elf knight (Elf:2)
  2 hell knights
  A titan skeleton (Vaults:5)
  A shadow wraith (Vaults:3)
  A deep troll (Depths:3)
  3 sea snakes
  9 harpies
  2 phantasmal warriors (Vaults:5)
  An iron dragon zombie (Vaults:5)
  3 ugly things
  5 deep elf magi
  A cyclops (Shoals:3)
  A moth of wrath (Zot:5)
  A vault sentinel (Vaults:5)
  3 manticores (Shoals:4)
  A guardian serpent (Depths:2)
  A merfolk siren (Shoals:4)
  A spiny frog (Lair:2)
  2 freezing wraiths
  A spiny frog (shapeshifter) (Vaults:5)
  4 yaktaurs
  9 merfolk (Shoals:4)
  A jumping spider (shapeshifter) (Depths:2)
  2 wind drakes (Shoals:4)
  A dream sheep (Shoals:3)
  A slime creature (Depths:2)
  A snapping turtle (shapeshifter) (Depths:2)
  An elf skeleton (Vaults:5)
  A water elemental (Depths:1)
  A large abomination (Depths:4)
  A floating eye (Depths:2)
  3 orc warriors
  A deep troll skeleton (Vaults:5)
  3 ogres
  A boggart (Depths:4)
  An orc priest (Depths:2)
  2 orcs
  4 plants
  A tentacle (Shoals:3)
170 creatures vanquished.

Vanquished Creatures (others)
  Asterion (Spider:1)
  Polyphemus (Shoals:3)
  A vault warden (Vaults:5)
  A deep elf sorcerer (Elf:3)
  A green draconian (Zot:1)
  2 white draconians (Zot:2)
  A red draconian (Zot:5)
  A yaktaur captain (Vaults:4)
  A fire dragon (Vaults:3)
  A deep elf archer (Elf:3)
  An orc knight (Depths:2)
  Maurice (D:11)
  4 yaktaurs
  A jumping spider (Spider:1)
  An ogre (Vaults:2)
  A centaur zombie (D:12)
  A bullfrog zombie (D:12)
  An orc (D:11)
  5 fungi
  17 plants
  47 spectral weapons
  A tentacle (Shoals:3)
92 creatures vanquished.

Grand Total: 2562 creatures vanquished

Notes
Turn   | Place    | Note
-------+----------+-------------------------------------------
     0 | D:1      | tidbits the Demigod Wanderer began the quest for the Orb.
     0 | D:1      | tidbits set off with: a book of Minor Magic, a +0 falchion, a wand of random effects (15/48), a +0 robe, a +0 dagger, a bread ration
     0 | D:1      | Reached XP level 1. HP: 16/16 MP: 7/7
   152 | D:1      | Reached skill level 1 in Long Blades
   184 | D:1      | Reached XP level 2. HP: 5/23 MP: 9/9
   190 | D:1      | Learned a level 2 spell: Blink
   193 | D:1      | Learned a level 2 spell: Call Imp
   473 | D:1      | Found a shattered altar of Ashenzari.
   562 | D:1      | Reached skill level 1 in Axes
   863 | D:2      | Found a blossoming altar of Fedhas.
   889 | D:2      | Reached XP level 3. HP: 28/28 MP: 10/10
   946 | D:2      | Reached skill level 2 in Axes
  1075 | D:3      | Gained mutation: You are somewhat resistant to further mutation. [potion of mutation]
  1077 | D:3      | HP: 4/42 [orc wizard/dagger (2)]
  1080 | D:3      | Reached XP level 4. HP: 5/35 MP: 12/12
  1393 | D:3      | Reached skill level 3 in Axes
  1421 | D:3      | Found a burning altar of Makhleb.
  1424 | D:3      | Found a sparkling altar of Nemelex Xobeh.
  1429 | D:3      | Found a shadowy altar of Dithmenos.
  1429 | D:3      | Found a white marble altar of Elyvilon.
  1429 | D:3      | Found a hazy altar of Hepliaklqana.
  1430 | D:3      | Found a deep blue altar of Sif Muna.
  1431 | D:3      | Found a bloodstained altar of Trog.
  1433 | D:3      | Found an iron altar of Okawaru.
  1693 | D:2      | Noticed Sigmund
  1764 | D:4      | Got a twisted ring mail
  1775 | D:4      | Identified the +1 ring mail of Action {rCorr Int+2 Stlth+} (You found it on level 4 of the Dungeon)
  1818 | D:4      | Reached skill level 4 in Axes
  1860 | D:5      | Entered Level 5 of the Dungeon
  1864 | D:5      | Reached XP level 5. HP: 40/40 MP: 13/13
  1871 | D:5      | Found an opulent altar of Gozag.
  1906 | D:5      | Noticed Ijyb
  1928 | D:5      | Killed Ijyb
  2042 | D:4      | Got a dazzling chain mail
  2053 | D:4      | Identified the +4 chain mail of the Ant {rPois rC- Str+7 Dex-2} (You found it on level 4 of the Dungeon)
  2135 | D:4      | Reached skill level 5 in Axes
  2217 | D:3      | Found an ancient bone altar of Kikubaaqudgha.
  2243 | D:4      | Reached XP level 6. HP: 41/47 MP: 11/14
  2432 | D:6      | Noticed Dowan
  2445 | D:6      | Killed Dowan
  2445 | D:6      | Reached skill level 6 in Axes
  2794 | D:5      | Reached skill level 1 in Armour
  2794 | D:5      | Reached XP level 7. HP: 42/52 MP: 15/15
  2892 | D:5      | Reached skill level 2 in Armour
  2918 | D:6      | Reached skill level 2 in Fighting
  2938 | D:6      | Noticed Grinder
  2951 | D:6      | Killed Grinder
  2951 | D:6      | Reached skill level 3 in Fighting
  2987 | D:6      | Reached skill level 4 in Fighting
  3178 | D:6      | Reached XP level 8. HP: 63/67 MP: 16/16
  3256 | D:7      | Found a shattered altar of Ashenzari.
  3259 | D:7      | Found a snail-covered altar of Cheibriados.
  3283 | D:7      | Reached skill level 2 in Dodging
  3326 | D:7      | Reached skill level 7 in Axes
  3428 | D:7      | Reached skill level 8 in Axes
  3440 | D:7      | Found a sacrificial altar of Ru.
  3441 | D:7      | Found a staircase to the Ecumenical Temple.
  3682 | D:5      | Noticed a rust devil
  3682 | D:5      | Noticed a rust devil
  3682 | D:5      | Noticed a troll
  3698 | D:6      | Killed a troll
  3719 | D:6      | Reached skill level 9 in Axes
  3808 | D:6      | Reached XP level 9. HP: 44/73 MP: 13/17
  4179 | D:8      | Reached skill level 10 in Axes
  4202 | D:8      | Found Cefitoi's Armour Boutique.
  4428 | D:10     | Entered Level 10 of the Dungeon
  4428 | D:10     | Noticed a green ugly thing
  4455 | D:10     | Killed a green ugly thing
  4455 | D:10     | Reached skill level 11 in Axes
  4500 | D:10     | Found Cufue's Armour Emporium.
  4782 | D:7      | Noticed a gargoyle
  4791 | D:7      | Killed a gargoyle
  4924 | D:9      | Reached XP level 10. HP: 65/80 MP: 14/18
  5097 | D:10     | Reached skill level 12 in Axes
  5234 | D:9      | Reached skill level 2 in Evocations
  5346 | D:10     | Reached skill level 3 in Armour
  5388 | D:10     | Reached skill level 4 in Armour
  5514 | D:10     | Reached skill level 5 in Armour
  5569 | D:11     | Noticed Maurice
  5569 | D:11     | Noticed a white ugly thing
  5617 | D:10     | Found a staircase to the Orcish Mines.
  5618 | D:10     | Found a roughly hewn altar of Beogh.
  5621 | D:10     | Reached skill level 6 in Armour
  5784 | D:11     | Noticed vishdafish's ghost (journeyman GrFi)
  5789 | D:11     | Noticed Sonja
  5793 | D:11     | Killed Sonja
  5802 | D:11     | Killed vishdafish's ghost
  5802 | D:11     | Reached skill level 7 in Armour
  5948 | D:11     | Reached skill level 8 in Armour
  5994 | D:11     | You fall through a shaft!
  6008 | D:12     | Reached skill level 5 in Fighting
  6008 | D:12     | Reached XP level 11. HP: 75/86 MP: 17/20
  6040 | D:12     | Reached skill level 3 in Dodging
  6057 | D:12     | Noticed a stone giant
  6059 | D:12     | Noticed a two-headed ogre
  6061 | D:12     | Noticed a two-headed ogre
  6145 | D:12     | Killed a two-headed ogre
  6199 | D:11     | Killed Maurice
  6199 | D:11     | Reached skill level 4 in Dodging
  6270 | D:11     | Reached skill level 6 in Fighting
  6441 | D:12     | Noticed a two-headed ogre
  6470 | D:12     | Killed a two-headed ogre
  6470 | D:12     | Reached skill level 3 in Evocations
  6527 | D:12     | Reached skill level 4 in Evocations
  6838 | D:11     | Reached skill level 5 in Evocations
  6961 | D:8      | Bought the +1 pair of gloves of Jeacod {Str+6} for 320 gold pieces
  7226 | D:9      | Found a staircase to the Lair.
  7255 | Lair:1   | Entered Level 1 of the Lair of Beasts
  7289 | Lair:2   | Noticed a four-headed hydra
  7345 | Lair:1   | Reached skill level 6 in Evocations
  7388 | Lair:1   | Noticed Ladykiller69's ghost (journeyman MiBe)
  7799 | Lair:1   | Killed Ladykiller69's ghost
  8032 | Lair:2   | Learned a level 2 spell: Swiftness
  8083 | Lair:2   | Noticed a six-headed hydra
  8272 | Lair:1   | Noticed an eight-headed hydra
  9011 | D:6      | Noticed Duvessa
  9030 | D:6      | Killed Duvessa
  9174 | D:4      | Found a shimmering altar of Xom.
  9314 | D:3      | Noticed Natasha
  9319 | D:3      | Killed Natasha
  9338 | D:3      | Reached XP level 12. HP: 97/97 MP: 21/21
  9450 | D:3      | Noticed Natasha
  9452 | D:3      | Killed Natasha
  9510 | D:2      | Killed Sigmund
  9672 | Orc:1    | Entered Level 1 of the Orcish Mines
  9754 | Orc:1    | Found Qurrixta's Distillery.
  9763 | Orc:1    | Noticed an orc warlord
  9772 | Orc:1    | Reached skill level 1 in Charms
  9783 | Orc:1    | Killed an orc warlord
  9783 | Orc:1    | Reached skill level 2 in Charms
  9783 | Orc:1    | Reached skill level 1 in Translocations
  9783 | Orc:1    | Reached skill level 2 in Air Magic
 10107 | Orc:1    | Reached skill level 2 in Translocations
 10170 | Orc:1    | Reached skill level 3 in Air Magic
 10186 | Orc:1    | Reached skill level 3 in Charms
 10186 | Orc:1    | Reached skill level 3 in Translocations
 10205 | Orc:1    | Bought a potion of curing for 39 gold pieces
 10205 | Orc:1    | Bought a potion of heal wounds for 65 gold pieces
 10205 | Orc:1    | Bought a potion of resistance for 130 gold pieces
 10205 | Orc:1    | Bought a potion of haste for 130 gold pieces
 10205 | Orc:1    | Bought 2 potions of berserk rage for 130 gold pieces
 10230 | Orc:1    | Found a roughly hewn altar of Beogh.
 10240 | Orc:1    | HP: 9/97 [orc priest/divine providence (8)]
 10689 | Orc:1    | Reached skill level 7 in Fighting
 10695 | Orc:1    | Reached skill level 13 in Axes
 10897 | Orc:2    | Entered Level 2 of the Orcish Mines
 11066 | Orc:2    | Found Jaytoder's Book Boutique.
 11233 | Orc:2    | Found a roughly hewn altar of Beogh.
 11634 | Orc:2    | Found a roughly hewn altar of Beogh.
 11650 | Orc:2    | Found a roughly hewn altar of Beogh.
 11790 | Orc:2    | Found a staircase to the Elven Halls.
 11790 | Orc:2    | Noticed Setanta's ghost (journeyman DgFi)
 11802 | Orc:2    | Killed Setanta's ghost
 11802 | Orc:2    | Reached skill level 8 in Fighting
 11869 | Orc:2    | Found a roughly hewn altar of Beogh.
 11869 | Orc:2    | Found Ihaawn's Assorted Antiques.
 11894 | Orc:2    | Bought a scroll labeled BULAXZ JISUSCHOMM for 25 gold pieces
 11894 | Orc:2    | Bought a scroll labeled BAZAERREAL for 25 gold pieces
 11894 | Orc:2    | Bought a scroll labeled PITESU HITEO for 25 gold pieces
 11894 | Orc:2    | Bought a wooden wand for 100 gold pieces
 11894 | Orc:2    | Bought a scroll labeled BAZAERREAL for 25 gold pieces
 11896 | Orc:2    | Bought a scroll of identify for 50 gold pieces
 11957 | Orc:2    | Found a roughly hewn altar of Beogh.
 12110 | Orc:2    | Found a roughly hewn altar of Beogh.
 12123 | Orc:2    | Found Josk's General Store.
 12215 | Orc:2    | Found a roughly hewn altar of Beogh.
 12305 | Orc:2    | Reached skill level 14 in Axes
 12337 | Orc:2    | Found Lemido's Antique Armour Emporium.
 12342 | Orc:2    | Found Vuoton's Antique Weapon Shoppe.
 12342 | Orc:2    | Noticed an orc warlord
 12343 | Orc:2    | Found a roughly hewn altar of Beogh.
 12349 | Orc:2    | Killed an orc warlord
 12349 | Orc:2    | Reached XP level 13. HP: 75/107 MP: 21/22
 12430 | Orc:2    | Bought a scroll of identify for 36 gold pieces
 12717 | D:10     | Bought the +3 hat of Pondering {ponderous, MR+ MP+10 Int+5} for 571 gold pieces
 13096 | Lair:5   | Noticed Urug
 13113 | Lair:5   | Killed Urug
 13152 | Lair:5   | Reached skill level 9 in Fighting
 13205 | Lair:4   | Found a hole to the Spider Nest.
 13312 | Lair:4   | Learned a level 2 spell: Sublimation of Blood
 13390 | Lair:5   | Found a runed door.
 13395 | Lair:5   | Found a viscous altar of Jiyva.
 13395 | Lair:5   | Noticed an acid blob
 13397 | Lair:5   | Reached skill level 15 in Axes
 13399 | Lair:5   | Noticed an acid blob
 13399 | Lair:5   | Noticed an acid blob
 13402 | Lair:5   | Found a staircase to the Slime Pits.
 13402 | Lair:5   | Noticed an acid blob
 13716 | Lair:6   | Entered Level 6 of the Lair of Beasts
 13727 | Lair:6   | Reached skill level 10 in Fighting
 13750 | Lair:6   | Got a dazzling fustibalus
 13751 | Lair:6   | Identified the +8 fustibalus of Sin {velocity, rF+++ Int+4 Dex-3 Stlth+} (You found it on level 6 of the Lair of Beasts)
 13814 | Lair:6   | Identified a scroll of acquirement
 13989 | Lair:6   | Found a basalt altar of Yredelemnul.
 14019 | Lair:6   | Identified the +4 scale mail "Zozaxza" {Int+7 Dex+6} (You found it on level 6 of the Lair of Beasts)
 14250 | Lair:5   | Reached XP level 14. HP: 76/121 MP: 23/23
 14314 | Lair:6   | Reached skill level 16 in Axes
 14798 | Lair:4   | Noticed Britaniac's ghost (journeyman DEFE)
 14812 | Lair:4   | Killed Britaniac's ghost
 15160 | Lair:2   | Reached skill level 11 in Fighting
 15188 | Lair:2   | Found a staircase to the Shoals.
 15702 | D:11     | Reached skill level 17 in Axes
 15777 | D:11     | Noticed Grum
 15787 | D:11     | Killed Grum
 15892 | D:12     | Noticed Azrael
 16145 | D:12     | Killed Azrael
 16751 | D:13     | Found a gate to the Vaults.
 16751 | D:13     | Noticed Rupert
 16861 | D:13     | Reached skill level 5 in Dodging
 16906 | D:13     | Killed Rupert
 16916 | D:13     | Reached skill level 6 in Dodging
 17011 | D:13     | Reached XP level 15. HP: 100/130 MP: 24/24
 17122 | D:13     | Reached skill level 7 in Dodging
 17344 | D:14     | Learned a level 3 spell: Regeneration
 17369 | D:15     | Entered Level 15 of the Dungeon
 17439 | D:15     | Reached skill level 1 in Necromancy
 17500 | D:15     | Reached skill level 4 in Charms
 17504 | D:15     | Reached skill level 2 in Necromancy
 17520 | D:15     | Reached skill level 3 in Necromancy
 17526 | D:15     | Reached skill level 5 in Charms
 17563 | D:15     | Noticed Josephine
 17628 | D:15     | Gained mutation: Your flesh is cold resistant. (rC+) [mutagenic glow]
 17707 | D:15     | Found a sacrificial altar of Ru.
 17910 | D:15     | Found a staircase to the Depths.
 18009 | D:15     | Killed Josephine
 18141 | D:14     | Found Nissak's Needful Niceties.
 18172 | D:14     | Found a stormy altar of Qazlal.
 18445 | D:13     | Learned a level 3 spell: Spectral Weapon
 18627 | D:11     | Reached skill level 1 in Hexes
 18910 | Lair:1   | Learned a level 3 spell: Mephitic Cloud
 18970 | Spider:1 | Entered Level 1 of the Spider Nest
 19006 | Spider:1 | Reached skill level 2 in Hexes
 19012 | Spider:1 | Reached skill level 1 in Conjurations
 19030 | Spider:1 | Reached skill level 1 in Poison Magic
 19218 | Spider:2 | Reached skill level 2 in Conjurations
 19219 | Spider:2 | Reached skill level 3 in Hexes
 19239 | Spider:2 | Noticed Arachne
 19321 | Spider:1 | Reached skill level 2 in Poison Magic
 19405 | Spider:1 | Reached skill level 4 in Spellcasting
 19481 | Spider:1 | Noticed Asterion
 19494 | Spider:1 | Killed Asterion
 19541 | Spider:1 | Reached skill level 3 in Conjurations
 19651 | Spider:2 | Reached skill level 4 in Hexes
 19768 | Spider:2 | Killed Arachne
 19768 | Spider:2 | Reached skill level 12 in Fighting
 19768 | Spider:2 | Reached XP level 16. HP: 81/139 MP: 21/26
 19902 | Spider:2 | Reached skill level 18 in Axes
 20481 | Spider:3 | Reached skill level 8 in Dodging
 20661 | Spider:3 | Reached skill level 9 in Dodging
 20775 | Spider:4 | Entered Level 4 of the Spider Nest
 21275 | Spider:4 | Reached skill level 10 in Dodging
 21597 | Spider:4 | Reached skill level 9 in Armour
 22073 | Spider:4 | Reached skill level 10 in Armour
 22205 | Spider:4 | Got a gossamer rune of Zot
 22680 | D:14     | Bought a book of Necromancy for 510 gold pieces
 22682 | D:14     | Learned a level 1 spell: Animate Skeleton
 22687 | D:14     | Learned a level 4 spell: Animate Dead
 23160 | Orc:2    | Bought a book of Party Tricks for 800 gold pieces
 23205 | Orc:2    | Bought 2 potions of might for 144 gold pieces
 23205 | Orc:2    | Bought a scroll of magic mapping for 63 gold pieces
 23308 | Lair:1   | Learned a level 1 spell: Apportation
 23378 | Shoals:1 | Entered Level 1 of the Shoals
 23459 | Shoals:1 | Reached skill level 4 in Necromancy
 23525 | Shoals:1 | Noticed Louise
 23533 | Shoals:1 | Killed Louise
 23545 | Shoals:1 | Found a bloodstained altar of Trog.
 23596 | Shoals:2 | Reached skill level 5 in Spellcasting
 23615 | Shoals:2 | Learned a level 3 spell: Lesser Beckoning
 23762 | Shoals:3 | Noticed Polyphemus
 23773 | Shoals:3 | Reached XP level 17. HP: 133/148 MP: 29/29
 23777 | Shoals:3 | Reached skill level 5 in Necromancy
 23788 | Shoals:3 | Killed Polyphemus
 23857 | Shoals:3 | Learned a level 3 spell: Tukima's Dance
 23866 | Shoals:3 | Noticed Nikola
 23887 | Shoals:3 | Killed Nikola
 23890 | Shoals:3 | Reached skill level 6 in Spellcasting
 24012 | Shoals:2 | Reached skill level 6 in Necromancy
 24223 | Shoals:2 | Found Vaufimiq's Distillery.
 24230 | Shoals:2 | Bought a potion of heal wounds for 55 gold pieces
 24230 | Shoals:2 | Bought a potion of heal wounds for 55 gold pieces
 24230 | Shoals:2 | Bought a potion of heal wounds for 55 gold pieces
 24230 | Shoals:2 | Bought 2 potions of heal wounds for 110 gold pieces
 24446 | Shoals:3 | Reached skill level 7 in Necromancy
 24526 | Shoals:4 | Entered Level 4 of the Shoals
 24625 | Shoals:4 | Got a barnacled rune of Zot
 24946 | Shoals:4 | Reached skill level 13 in Fighting
 24958 | Shoals:4 | Found Toled's Armour Boutique.
 24967 | Shoals:4 | Noticed Ilsuiw
 24985 | Shoals:4 | Killed Ilsuiw
 25428 | Shoals:4 | Identified the +0 ring mail "Feifusch" {rElec Stlth+} (You took it off a merfolk on level 4 of the Shoals)
 25774 | Shoals:1 | Reached skill level 19 in Axes
 26026 | Lair:1   | Learned a level 2 spell: Song of Slaying
 26201 | Depths:1 | Entered Level 1 of the Depths
 26215 | Depths:1 | Found Ybbukluz's Assorted Antiques.
 26216 | Depths:1 | Found Zihe's Food Emporium.
 26216 | Depths:1 | Found Nujuhogh's Book Shoppe.
 26227 | Depths:1 | Found Egoiso Vota's Distillery.
 26290 | Depths:1 | Bought a small steel ring for 195 gold pieces
 26404 | Depths:1 | Reached XP level 18. HP: 49/159 MP: 8/31
 26406 | Depths:1 | Reached skill level 14 in Fighting
 26572 | Depths:1 | Noticed an ancient lich
 26590 | Depths:1 | Found a gateway to a ziggurat.
 26623 | Depths:1 | Found a gateway to Hell.
 26649 | Depths:1 | Identified the Disquisition on Bewitchment and Air (You found it on level 1 of the Depths)
 26772 | Depths:1 | Found a one-way gate leading to the halls of Pandemonium.
 26938 | Vaults:1 | Entered Level 1 of the Vaults
 26967 | Vaults:1 | Found Yreab's Armour Emporium.
 26985 | Vaults:1 | Found Menonnat's Jewellery Boutique.
 26999 | Vaults:1 | Found a hazy altar of Hepliaklqana.
 27236 | Vaults:3 | Noticed a tentacled monstrosity
 27236 | Vaults:3 | Noticed a lich
 27636 | Vaults:1 | Reached skill level 15 in Fighting
 27828 | Vaults:1 | Reached skill level 20 in Axes
 28157 | Vaults:2 | Found a staircase to the Crypt.
 28176 | Vaults:2 | Reached skill level 4 in Translocations
 28361 | Vaults:2 | Reached skill level 5 in Translocations
 28531 | Vaults:2 | Reached skill level 6 in Translocations
 28566 | Vaults:2 | Reached XP level 19. HP: 146/170 MP: 29/32
 28583 | Vaults:2 | Reached skill level 7 in Translocations
 28852 | Vaults:1 | Identified the +1 ring mail "Suatuy" {MR- Str+3 Slay+4} (You found it on level 1 of the Vaults)
 29299 | Vaults:1 | Found Zeriam's Book Boutique.
 29300 | Vaults:1 | Found Qiaroso's Antique Weapon Boutique.
 29345 | Vaults:1 | Found Bynesk's Gadget Shoppe.
 29564 | Vaults:1 | Reached skill level 11 in Dodging
 30017 | Vaults:3 | Reached skill level 12 in Dodging
 30463 | Vaults:3 | Reached skill level 13 in Dodging
 30612 | Vaults:3 | Reached skill level 11 in Armour
 30678 | Vaults:3 | HP: 7/170 [yaktaur/bolt[a vault warden] (14)]
 30681 | Vaults:3 | HP: 3/170 [vault warden/battleaxe (27)]
 31183 | Vaults:3 | Reached skill level 12 in Armour
 31597 | Vaults:4 | Reached XP level 20. HP: 133/179 MP: 34/34
 31616 | Vaults:4 | Reached skill level 13 in Armour
 32018 | Vaults:4 | Found a portal to a secret trove of treasure.
 32225 | Vaults:4 | Reached skill level 14 in Armour
 32356 | Vaults:4 | Identified the +4 plate armour "Hautian" {rElec} (You found it on level 4 of the Vaults)
 32920 | Depths:2 | Noticed Mara
 33219 | Depths:3 | Reached skill level 7 in Spellcasting
 33330 | Depths:3 | Reached skill level 16 in Fighting
 33394 | Depths:3 | Identified Eremp's Disquisition on Stolen Souls
 33433 | Depths:3 | Noticed an ancient lich
 33452 | Depths:3 | Killed an ancient lich
 33529 | Depths:2 | Reached skill level 8 in Spellcasting
 33640 | Depths:2 | Found Pemoable's Antique Armour Shoppe.
 33648 | Depths:2 | Paralysed by a floating eye for 2 turns
 33653 | Depths:2 | Paralysed by a floating eye for 2 turns
 33733 | Depths:2 | Paralysed by a floating eye for 3 turns
 33858 | Depths:2 | Noticed tidbits's illusion
 34130 | Depths:2 | Got a crude lead ring
 34134 | Depths:2 | Identified the ring "Kushisy" {+Inv rPois rF+ MP-9} (You took it off an ogre mage on level 2 of the Depths)
 34171 | Depths:2 | Found Razomeur's Jewellery Boutique.
 34211 | Depths:2 | Reached skill level 9 in Spellcasting
 34362 | Depths:2 | Paralysed by a floating eye for 3 turns
 34416 | Depths:2 | Reached XP level 21. HP: 109/189 MP: 29/39
 34468 | Depths:2 | Noticed Margery
 34483 | Depths:2 | Killed Margery
 34610 | Depths:2 | Noticed tidbits's illusion
 34759 | Depths:3 | Reached skill level 17 in Fighting
 35076 | Depths:2 | Reached skill level 10 in Spellcasting
 35095 | Depths:2 | Learned a level 5 spell: Agony
 35099 | Depths:2 | Identified the ring of Anefuw {MP+9 Stlth+} (You took it off an orc sorcerer on level 2 of the Depths)
 35180 | Depths:2 | Reached skill level 8 in Necromancy
 35191 | Depths:2 | Bought the ring "Qienuh" {rF+ rC+ Int+4 Dex+2 SInv} for 826 gold pieces
 35230 | Depths:2 | Killed Mara
 35276 | Depths:2 | Identified the ring of the Echidna {rF++ Str+3 Dex-5 Stlth+} (You found it on level 2 of the Depths)
 35323 | Depths:2 | Found Rapsitos's Magic Scroll Shop.
 35391 | Depths:2 | Bought an uncursed ring of resist corrosion for 340 gold pieces
 35437 | Depths:1 | Reached skill level 9 in Necromancy
 35478 | Depths:1 | Reached skill level 10 in Necromancy
 35853 | Depths:3 | Noticed Jory
 35862 | Depths:3 | Killed Jory
 35936 | Depths:3 | Identified the Papyrus of Congealing Hexes
 35938 | Depths:3 | Identified the Catalogue of Transformation
 36020 | Depths:3 | Reached skill level 11 in Necromancy
 36288 | Depths:4 | Found a glowing silver altar of Zin.
 36288 | Depths:4 | HP: 2/191 [something/blast of cleansing flame (27)]
 36294 | Depths:4 | HP: 7/191 [brown very ugly thing (9)]
 36294 | Depths:4 | HP: 2/191 [acid (5)]
 36297 | Depths:4 | You fall through a shaft!
 36297 | Depths:5 | Entered Level 5 of the Depths
 36485 | Depths:5 | Noticed Sojobo
 36550 | Depths:5 | Killed Sojobo
 36597 | Depths:5 | Noticed NorthaanB's ghost (veteran DrTm)
 36615 | Depths:5 | Killed NorthaanB's ghost
 36620 | Depths:5 | Noticed Roxanne
 36632 | Depths:5 | Killed Roxanne
 36633 | Depths:5 | Identified Roxanne's Catalogue of Changing (You took it off Roxanne on level 5 of the Depths)
 36679 | Depths:4 | Reached skill level 12 in Necromancy
 36856 | Depths:4 | Reached skill level 11 in Spellcasting
 36888 | Depths:4 | Reached XP level 22. HP: 195/200 MP: 39/42
 36999 | Depths:4 | Found a one-way gate to the infinite horrors of the Abyss.
 37651 | Depths:4 | Identified the +5 large shield of Ru's Envy {*Contam *Drain rF+ Slay+4} (You took it off a daeva on level 4 of the Depths)
 38202 | Depths:4 | Got a brightly glowing longbow
 38203 | Depths:4 | Identified the +6 longbow "Nofeatwe" {freeze, rElec rN+ SInv Stlth+} (You found it on level 4 of the Depths)
 38303 | Depths:5 | Reached skill level 15 in Armour
 38340 | Depths:5 | Reached skill level 14 in Dodging
 38412 | Depths:5 | Found Etaxu's General Store.
 38498 | Depths:5 | Bought a scroll of fear for 84 gold pieces
 38498 | Depths:5 | Bought a scroll of fog for 48 gold pieces
 38498 | Depths:5 | Bought a scroll of identify for 48 gold pieces
 38498 | Depths:5 | Bought a scroll of teleportation for 72 gold pieces
 38745 | Depths:5 | Found a gate to the Realm of Zot.
 39223 | Depths:2 | Bought a scroll of identify for 38 gold pieces
 39285 | Depths:1 | Bought a potion of haste for 170 gold pieces
 39285 | Depths:1 | Bought a potion of heal wounds for 85 gold pieces
 39291 | Depths:1 | Bought a scroll of blinking for 292 gold pieces
 39324 | Depths:2 | Bought a scroll of identify for 38 gold pieces
 39324 | Depths:2 | Bought a scroll of identify for 38 gold pieces
 39324 | Depths:2 | Bought a scroll of blinking for 142 gold pieces
 39324 | Depths:2 | Bought a scroll of teleportation for 57 gold pieces
 39366 | D:15     | Learned a level 3 spell: Vampiric Draining
 39551 | Lair:1   | Learned a level 1 spell: Summon Butterflies
 39618 | Elf:1    | Entered Level 1 of the Elven Halls
 39648 | Elf:1    | Reached skill level 1 in Summonings
 39802 | Elf:1    | Reached skill level 2 in Summonings
 40174 | Elf:2    | Reached skill level 5 in Hexes
 40183 | Elf:2    | Found a runed gate.
 40183 | Elf:2    | Found a runed gate.
 40183 | Elf:2    | Found a runed gate.
 40271 | Elf:2    | Reached skill level 12 in Spellcasting
 40616 | Elf:2    | Reached XP level 23. HP: 206/206 MP: 45/45
 40804 | Elf:2    | Found Zoutit's Armour Shop.
 40880 | Elf:2    | Reached skill level 7 in Evocations
 40913 | Elf:3    | Entered Level 3 of the Elven Halls
 41119 | Elf:3    | Reached skill level 8 in Evocations
 41644 | Elf:3    | Reached skill level 13 in Spellcasting
 41964 | Elf:3    | Identified the +1 pair of boots of Precision Catastrophes {Int+3} (You found it on level 3 of the Elven Halls)
 42008 | Elf:3    | Identified the Compendium of Shape Shifting and Intoxication
 42012 | Elf:3    | Identified the +2 pair of gloves of Quaghudd {MR+ Stlth+} (You found it on level 3 of the Elven Halls)
 42070 | Elf:3    | Learned a level 6 spell: Death Channel
 42575 | Depths:2 | Bought a scroll of enchant armour for 142 gold pieces
 42575 | Depths:2 | Bought a scroll of fear for 66 gold pieces
 42575 | Depths:2 | Bought a scroll of fog for 38 gold pieces
 42800 | Lair:1   | Learned a level 4 spell: Control Undead
 42987 | Depths:1 | Bought a book of Spatial Translocations for 910 gold pieces
 42992 | Depths:1 | Learned a level 4 spell: Passage of Golubria
 43082 | D:14     | Reached skill level 2 in Stealth
 43270 | Vaults:5 | Entered Level 5 of the Vaults
 43289 | Vaults:5 | Reached skill level 3 in Stealth
 43305 | Vaults:5 | Got a warped bronze amulet
 43371 | Vaults:5 | Got a smoking copper ring
 43379 | Vaults:5 | Reached skill level 4 in Stealth
 43381 | Vaults:5 | Identified the ring of Lihoffoa {rCorr *Slow rF++ Str-3 Int+8} (You found it on level 5 of the Vaults)
 43471 | Vaults:5 | Reached skill level 5 in Stealth
 43586 | Vaults:5 | Reached skill level 6 in Stealth
 43696 | Vaults:5 | Reached skill level 7 in Stealth
 43748 | Vaults:5 | Got a silver rune of Zot
 43789 | Vaults:5 | Reached skill level 8 in Translocations
 43920 | Vaults:5 | Reached skill level 9 in Translocations
 43947 | Vaults:5 | Identified Gussyite's Catalogue of the Creative Oath
 44011 | Vaults:5 | Reached skill level 10 in Translocations
 44063 | Vaults:5 | Got a jewelled broad axe {drain}
 44073 | Vaults:5 | Identified the cursed +3 broad axe "Brush" {drain, rF- rC+ Int+3 Dex+4} (You took it off a vault sentinel on level 5 of the Vaults)
 44149 | Vaults:5 | Reached skill level 8 in Stealth
 44181 | Vaults:5 | Reached skill level 9 in Stealth
 44185 | Vaults:5 | Reached XP level 24. HP: 175/214 MP: 8/46
 44242 | Vaults:5 | Reached skill level 10 in Stealth
 44385 | Vaults:5 | Identified the amulet "Sanwiocsu" {+Rage rF+++} (You found it on level 5 of the Vaults)
 44443 | Vaults:5 | Got a bloodstained battleaxe
 44444 | Vaults:5 | Identified the +11 battleaxe of Valiance {chop, rElec rC- MR+} (You found it on level 5 of the Vaults)
 44532 | Vaults:5 | Got a smoking plate armour
 44543 | Vaults:5 | Identified the +12 plate armour "Kihuyg" {Str+7} (You took it off a vault guard on level 5 of the Vaults)
 44935 | Vaults:1 | Bought a book of Death for 840 gold pieces
 45119 | D:15     | Learned a level 5 spell: Dispel Undead
 45140 | Depths:1 | Bought a potion of curing for 51 gold pieces
 45140 | Depths:1 | Bought a potion of agility for 68 gold pieces
 45140 | Depths:1 | Bought a potion of agility for 68 gold pieces
 45241 | Zot:1    | Entered Level 1 of the Realm of Zot
 45325 | Zot:1    | Reached skill level 14 in Spellcasting
 45742 | Zot:3    | Reached skill level 15 in Spellcasting
 46137 | Zot:1    | Reached skill level 16 in Spellcasting
 46579 | Zot:3    | Got a scorched helmet
 46590 | Zot:3    | Identified the +0 helmet of Insurance {MP+9 Str+6} (You found it on level 3 of the Realm of Zot)
 46866 | Zot:5    | Entered Level 5 of the Realm of Zot
 46928 | Zot:5    | Reached skill level 17 in Spellcasting
 47226 | Zot:5    | Reached XP level 25. HP: 198/223 MP: 39/50
 47260 | Zot:5    | Reached skill level 18 in Fighting
 47332 | Zot:5    | Noticed an orb of fire
 47349 | Zot:5    | Killed an orb of fire
 47354 | Zot:5    | Noticed an ancient lich
 47364 | Zot:5    | Killed an ancient lich
 47421 | Zot:5    | Noticed an ancient lich
 47468 | Zot:4    | Found a transporter.
 47552 | Zot:4    | Found a transporter.
 47613 | Zot:5    | Noticed an ancient lich
 47624 | Zot:5    | Killed an ancient lich
 47624 | Zot:5    | Reached skill level 19 in Fighting
 47769 | Zot:5    | Noticed an orb of fire
 47784 | Zot:5    | Gained mutation: You tend to lose your temper in combat. [an orb of fire]
 47792 | Zot:5    | Killed an orb of fire
 47878 | Zot:5    | Noticed an ancient lich
 47917 | Zot:5    | Killed an ancient lich
 47917 | Zot:5    | Reached skill level 20 in Fighting
 47958 | Zot:5    | HP: 23/231 [purple draconian/bolt of dispelling energy[the power of Zot] (7)]
 47960 | Zot:5    | Noticed an orb of fire
 47962 | Zot:5    | HP: 9/231 [orb of fire/bolt of fire (16)]
 47962 | Zot:5    | Killed from afar by a storm dragon

Skill      XL: |  1  2  3  4  5  6  7  8  9 10 11 12 13 14 15 16 17 18 19 20 21 22 23 24 25 |
---------------+----------------------------------------------------------------------------+-----
Long Blades    | 1 |  1.6
Axes           | 1 2 4 5 6 9 11 12 14 15 17 18 19 20 | 20.1
Armour         | 1 2 8 10 12 14 15 | 15.5
Fighting       | 4 5 6 8 10 11 12 13 15 16 17 20 | 20.0
Dodging        | 2 4 6 7 10 13 14 | 14.5
Evocations     | 2 6 8 |  8.6
Charms         | 3 5 |  5.2
Translocations | 3 6 7 10 | 10.0
Air Magic      | 3 |  3.7
Necromancy     | 3 4 7 12 | 12.6
Hexes          | 4 5 |  5.0
Conjurations   | 3 |  3.5
Poison Magic   | 2 |  2.0
Spellcasting   | 4 5 6 9 11 12 13 17 | 17.0
Summonings     | 2 |  2.7
Stealth        | 9 10 | 10.7

Action                   |  1- 3 |  4- 6 |  7- 9 | 10-12 | 13-15 | 16-18 | 19-21 | 22-24 | 25-27 || total
-------------------------+-------+-------+-------+-------+-------+-------+-------+-------+-------++-------
Melee: Falchion          |    28 |       |       |       |       |       |       |       |       ||    28
       Hand axe          |    54 |   152 |   300 |     4 |    32 |       |       |       |       ||   542
       Battleaxe         |       |       |    78 |   667 |  1076 |  1260 |  1550 |  2002 |   253 ||  6886
       War axe           |       |       |       |    43 |       |       |       |       |       ||    43
       Sacred scourge    |       |       |       |       |       |       |       |    10 |       ||    10
 Fire: Hunting sling     |     4 |    13 |       |       |       |       |       |       |       ||    17
       Blowgun           |       |       |       |     5 |       |    14 |       |       |       ||    19
       Fustibalus        |       |       |       |     4 |    32 |     1 |       |       |       ||    37
Throw: Tomahawk          |       |       |       |     8 |    14 |     4 |       |       |       ||    26
       Javelin           |       |       |       |       |       |     5 |     1 |     2 |       ||     8
 Cast: Regeneration      |       |       |       |       |    20 |    90 |   115 |    58 |    12 ||   295
       Spectral Weapon   |       |       |       |       |    15 |    71 |    40 |    43 |     5 ||   174
       Blink             |       |       |       |       |     3 |    10 |     3 |     3 |     3 ||    22
       Animate Skeleton  |       |       |       |       |       |    68 |    50 |    78 |     7 ||   203
       Apportation       |       |       |       |       |       |    34 |    16 |    49 |     2 ||   101
       Lesser Beckoning  |       |       |       |       |       |    29 |    25 |    31 |     5 ||    90
       Animate Dead      |       |       |       |       |       |    20 |    34 |    13 |       ||    67
       Tukima's Dance    |       |       |       |       |       |       |     1 |       |       ||     1
       Agony             |       |       |       |       |       |       |     4 |    45 |       ||    49
       Swiftness         |       |       |       |       |       |       |     1 |       |       ||     1
       Vampiric Draining |       |       |       |       |       |       |       |     6 |       ||     6
       Death Channel     |       |       |       |       |       |       |       |    13 |       ||    13
       Sublimation of Bl |       |       |       |       |       |       |       |     3 |       ||     3
       Song of Slaying   |       |       |       |       |       |       |       |     1 |       ||     1
       Summon Butterflie |       |       |       |       |       |       |       |       |    14 ||    14
 Abil: Evoke Invisibilit |       |       |       |     9 |    24 |    18 |    12 |    15 |     4 ||    82
       Evoke Flight      |       |       |       |       |     2 |    28 |       |       |       ||    30
       Stop Flying       |       |       |       |       |       |     1 |       |       |       ||     1
       Evoke Berserk Rag |       |       |       |       |       |       |       |       |     2 ||     2
Evoke: Wand              |       |       |     5 |    34 |     8 |    18 |    16 |    12 |     2 ||    95
       Phial of floods   |       |       |       |       |       |       |     2 |       |       ||     2
       Phantom mirror    |       |       |       |       |       |       |     1 |       |       ||     1
       Fan of gales      |       |       |       |       |       |       |     1 |       |       ||     1
       Box of beasts     |       |       |       |       |       |       |     1 |       |       ||     1
       Sack of spiders   |       |       |       |       |       |       |     1 |       |       ||     1
  Use: Potion            |     3 |     1 |     4 |     8 |     2 |    13 |    27 |     3 |     3 ||    64
       Scroll            |       |     2 |     8 |    14 |    15 |    24 |    20 |    34 |     4 ||   121
 Stab: Sleeping          |     5 |     1 |       |       |       |       |       |     2 |       ||     8
       Invisible         |       |       |       |    22 |   101 |    73 |    38 |   140 |    14 ||   388
       Petrified         |       |       |       |       |       |    12 |       |       |       ||    12
       Distracted        |       |       |       |       |       |     6 |     9 |    43 |     3 ||    61
       Confused          |       |       |       |       |       |     2 |       |       |       ||     2
  Eat: Chunk             |     1 |     5 |     5 |    20 |    24 |    13 |    18 |     3 |       ||    89
       Fruit             |       |       |     3 |     9 |     5 |     9 |     3 |     7 |     1 ||    37
       Meat ration       |       |       |     1 |       |     4 |     4 |     3 |     9 |       ||    21
       Royal jelly       |       |       |       |       |     1 |     5 |     1 |    10 |       ||    17
       Bread ration      |       |       |       |       |       |       |     2 |     1 |     2 ||     5
Armor: Robe              |     4 |       |       |       |       |       |       |       |       ||     4
       Ring mail         |       |    11 |       |       |       |       |       |       |       ||    11
       Chain mail        |       |    67 |   242 |   397 |   569 |   633 |   584 |    37 |       ||  2529
       Plate armour      |       |       |       |       |       |       |       |   766 |   156 ||   922
       Shadow dragon sca |       |       |       |       |       |       |       |   195 |       ||   195
Dodge: Dodged            |    55 |    65 |   197 |   449 |   916 |  1172 |  1091 |  1393 |   172 ||  5510
       Rpst.: Falchion   |    10 |       |       |       |       |       |       |       |       ||    10

Table legend:
 A = Turns spent in this place as a percentage of turns spent in the entire game.
 B = Non-inter-level travel turns spent in this place as a percentage of non-inter-level travel turns spent in the entire game.
 C = Inter-level travel turns spent in this place as a percentage of turns spent in this place.
 D = Turns resting spent in this place as a percentage of non-inter-level travel turns spent in this place.
 E = Turns spent auto-exploring this place as a percentage of non-inter-level travel turns spent in this place.
 F = Non-inter-level travel turns spent in this place divided by the number of levels of this place that you've seen.
                   A       B       C       D       E      F
               +-------+-------+-------+-------+-------+----------------------
         Total | 100.0 | 100.0 |   0.6 |   0.8 |   0.0 | 790.0
       Dungeon |  24.7 |  24.7 |   0.8 |   0.8 |   0.0 | 636.3
          Lair |   9.1 |   9.1 |   0.8 |   0.1 |   0.0 | 588.7
        Shoals |   6.9 |   6.9 |   0.3 |   0.2 |   0.0 | 668.5
   Spider Nest |   6.8 |   6.8 |   0.4 |   3.4 |   0.0 | 657.8
  Orcish Mines |   4.8 |   4.8 |   0.8 |   0.8 |   0.0 | 930.5
   Elven Halls |   6.7 |   6.7 |   0.2 |   0.3 |   0.0 | 863.3
        Vaults |  17.4 |  17.4 |   0.5 |   0.3 |   0.0 | 1350.4
        Depths |  16.4 |  16.4 |   0.7 |   1.4 |   0.0 | 1272.0
           Zot |   7.1 |   7.1 |   0.1 |   0.4 |   0.0 | 553.4
               +-------+-------+-------+-------+-------+----------------------

Table legend:
 A = Kills in this place as a percentage of kills in entire the game.
 B = Kills by you in this place as a percentage of kills by you in the entire game.
 C = Kills by friends in this place as a percentage of kills by friends in the entire game.
 D = Other kills in this place as a percentage of other kills in the entire game.
 E = Experience gained in this place as a percentage of experience gained in the entire game.
 F = Experience gained in this place divided by the number of levels of this place that you have seen.
                   A       B       C       D       E      F
               +-------+-------+-------+-------+-------+----------------------
         Total | 100.0 | 100.0 | 100.0 | 100.0 | 100.0 | 30171.1
       Dungeon |  22.5 |  24.2 |   0.0 |   6.2 |   6.3 | 6185.7
          Lair |   6.6 |   7.1 |   0.6 |   0.0 |   3.8 | 9418.0
        Shoals |   6.6 |   5.6 |  20.6 |   6.2 |   5.5 | 20492.8
   Spider Nest |   7.8 |   8.4 |   0.0 |  12.5 |   5.5 | 20218.0
  Orcish Mines |   6.6 |   7.1 |   0.0 |   0.0 |   1.4 | 10227.0
   Elven Halls |   6.1 |   6.0 |   6.1 |  12.5 |   7.9 | 38956.0
        Vaults |  20.5 |  18.7 |  43.6 |  37.5 |  25.3 | 74751.0
        Depths |  18.1 |  17.7 |  24.8 |   6.2 |  26.1 | 77184.2
           Zot |   5.3 |   5.3 |   4.2 |  18.8 |  18.2 | 53850.4
               +-------+-------+-------+-------+-------+----------------------

Vault maps used:
D:1:      lemuel_arrival_tunnels, evilmike_ruin_ashenzari
D:2:      fedhas_altar_3, uniq_sigmund
D:3:      minitemple, overflow_temple_1_default, uniq_natasha
D:4:      xom_teletrap_fun
D:5:      cheibrodos_iron_armory, lemuel_crystal_altar, first_bread, uniq_ijyb
D:6:      amethyst_killhole, uniq_duvessa, uniq_grinder
D:7:      amethyst_overflow_temple_binary, minmay_temple_entry_overgrown,
          basic_altar, kennysheep_small_square
D:8:      serial_shops, nicolae_shop_trees
D:9:      erik_lair_island, abandoned_shop
D:10:     david_orc_5, serial_shops, kennysheep_mini
D:11:     lemuel_troll_bridge, special_room, david_nohive_1,
          wad_floor_pattern_2, hangedman_decor_points, minmay_misc_feat_hallway,
          uniq_grum, uniq_sonja, uniq_maurice
D:12:     cheibrodos_monumental, enter_bailey_2, uniq_azrael
D:13:     david_vaults_3
D:14:     stair_cage_cross, kennysheep_path_1, nicolae_alphabet_shops,
          grunt_qazlal_sundering
D:15:     grunt_enter_depths_snipers, minmay_misc_feat_room,
          nicolae_ru_path_of_blood, uniq_josephine
Lair:1:   nicolae_volcano_entry_two_sided
Lair:2:   elwin_shoals_entry_rooms
Lair:3:   lemuel_fruit_fields
Lair:4:   spider_nest_entry_web_field, serial_bayou_pond_c
Lair:5:   slime_altar_2, uniq_urug
Lair:6:   evilmike_catoblepas_cave, basic_altar, grunt_megastairs_1,
          lemuel_fruit_fields
Shoals:1: lemuel_altar_in_water2, uniq_louise
Shoals:2: cheibrodos_shoals_oceanic_diplomacy, nicolae_shoals_seven_spires,
          nicolae_shoals_c_island
Shoals:3: uniq_nikola, uniq_polyphemus
Shoals:4: shoals_end_grunt_ice, shoals_ilsuiw_ice, serial_shops,
          nicolae_shop_behind_doors, nicolae_shoals_wave_tunnel
Spider:1: uniq_asterion
Spider:2: spider_trap, uniq_arachne
Spider:4: spider_rune_water, spider_trap
Orc:1:    orc_temple, serial_shops, shop
Orc:2:    grunt_orc_community_town_hall, grunt_orc_community_big_house_2,
          grunt_orc_community_big_house_1, grunt_orc_community_house_2,
          grunt_orc_community_house_1, grunt_orc_community_house_2,
          grunt_orc_community_house_3, grunt_orc_community_house_1,
          grunt_orc_community_house_1, serial_shops, shop, mines1_david
Elf:1:    minivault_28, nicolae_elf_glass_and_crystal_pillar_1
Elf:2:    minmay_shop_star
Elf:3:    minmay_elf_hall_curves, grunt_megastairs_2
Vaults:1: hangedman_vaults_snaps, ontoclasm_vaults_hangar,
          ontoclasm_vaults_spin, nicolae_vaults_know_your_exits,
          ontoclasm_vaults_ligature, v_misc_15, v_misc_30,
          nicolae_vaults_yaktaur_gun_rack, vaults_room_fours,
          nicolae_vaults_mini_display_case, serial_shops, nicolae_shop_crystal,
          shop, shop, shop_fountains, shop, basic_altar
Vaults:2: v_misc_29, grunt_vaults_swirl, minmay_crypt_entry_simple_sparse,
          hangedman_vaults_capsules, hangedman_vaults_variations,
          ontoclasm_vaults_shuriken, ontoclasm_vaults_idyll,
          vaults_dpeg_encased_lava, v_misc_5, vaults_room_door_ring,
          vaults_room_pools, nicolae_vaults_sealed_display,
          vaults_room_semicircle, ontoclasm_vaults_ring_square, serial_shops,
          bzr_in_the_mist
Vaults:3: vaults_standard_mumra_x, vaults_dpeg_diagonal, v_misc_19,
          nicolae_vaults_quartermaster, vaults_mumra_hex,
          nicolae_vaults_network_square, nicolae_vaults_windows_and_doors_thing,
          vaults_mumra_minichess_inversion, grunt_vaults_hallway_long,
          dpeg_vaults_monster_row
Vaults:4: v_rooms_1, ontoclasm_vaults_bender, v_misc_27, ontoclasm_vaults_chip,
          ontoclasm_vaults_decontamination, nicolae_vaults_murderbox,
          vaults_dpeg_doors, v_misc_32, v_misc_9,
          nicolae_vaults_network_barrier, ontoclasm_vaults_gateway,
          enter_trove_1
Vaults:5: uniq_jory
Depths:1: enter_ziggurat_c, pf_coc_iceberg, hangedman_decor_lopped,
          rand_demon_pan_entry_3, minmay_acid_items, minmay_shoptagon
Depths:2: hangedman_spin_cycle, hell_entry, uniq_mara
Depths:3: due_jory_tower, grunt_pan_entry_spiral, hell_entry, special_room,
          st_stairs_5
Depths:4: evilmike_silver_temple, minmay_staircase_bubble,
          pf_dread_powers_of_hell, minmay_room_of_horrors
Depths:5: grunt_zot_entry_bicorn, serial_shops, shop, hell_entry, pan_entry,
          dpeg_stationary_puzzle, grunt_megastairs_4, uniq_sojobo
Zot:1:    nicolae_lava_and_water
Zot:2:    hangedman_swamp_dais, basic_stair_grate_trap
Zot:3:    st_stairs_1, basic_loot_grate_trap
Zot:4:    gammafunk_its_a_trap, st_stairs_9
